 Dungeon Crawl Stone Soup version 0.28-a0-268-g3f656e82c2 (webtiles) character file.

Game seed: 8900643260446850272

121 Saint the Vexing (level 4, 0/30 HPs)
             Began as a Demonspawn Enchanter on Aug 28, 2021.
             Slain by a centaur (1 damage)
             ... on level 3 of the Dungeon.
             The game lasted 00:09:10 (4290 turns).

Saint the Vexing (Demonspawn Enchanter)             Turns: 4290, Time: 00:09:11

Health: 0/30       AC:  5    Str:  9    XL:     4   Next: 77%
Magic:  3/7        EV: 11    Int: 16    God:
Gold:   117        SH:  0    Dex: 14    Spells: 2/7 levels left

rFire   . . .      SeeInvis .   a - +1 dagger
rCold   . . .      Faith    .   (no shield)
rNeg    . . .      Spirit   .   d - +2 leather armour {rPois}
rPois   +          Reflect  .   (no helmet)
rElec   .          Harm     .   (no cloak)
rCorr   .          Rampage  .   (no gloves)
Will    .....                   (no boots)
Stlth   ++........              (no amulet)
HPRegen 0.10/turn               (no ring)
MPRegen 0.10/turn               (no ring)

@: no status effects
A: hooves 1, foul stench 1
a: no special abilities


You were on level 3 of the Dungeon.
You visited 1 branch of the dungeon, and saw 3 of its levels.

You collected 117 gold pieces.

Inventory:

Hand Weapons
 a - a +1 dagger (weapon)
Missiles
 c - 36 sling bullets
 j - 18 arrows
 k - 6 javelins
 l - 21 poisoned darts
 s - 80 stones (quivered)
Armour
 b - a +0 robe
 d - a +2 leather armour of poison resistance (worn)
   (You took it off Ijyb on level 3 of the Dungeon)
 h - a +0 leather armour
   (You found it on level 2 of the Dungeon)
Wands
 q - a wand of flame (14)
   (You took it off Ijyb on level 3 of the Dungeon)
Scrolls
 g - a scroll of silence {unknown}
Potions
 e - a potion of curing {unknown}
 f - a potion of berserk rage {unknown}
 N - a potion of heal wounds {@q2}


   Skills:
 + Level 3.0 Short Blades
 - Level 1.7 Dodging
 - Level 2.6 Stealth
 - Level 2.0 Spellcasting
 + Level 4.4 Hexes


You had 2 spell levels left.
You knew the following spells:

 Your Spells              Type           Power      Damage    Failure   Level
a - Ensorcelled Hibernat  Hex/Ice        16%        N/A       19%         2
b - Confusing Touch       Hex            15%        N/A       14%         3

Your spell library contained the following spells:

 Spells                   Type           Power      Damage    Failure   Level
 Tukima's Dance           Hex            15%        N/A       14%         3
 Dazzling Flash           Conj/Hex       16%        N/A       34%         3


Dungeon Overview and Level Annotations

Branches:
Dungeon (3/15)

Altars:
Vehumet


Innate Abilities, Weirdness & Mutations

You have large cloven feet.
You may rarely emit foul miasma when damaged in melee.


Message History

A kobold is nearby!
A kobold is nearby!
The kobold throws a stone.
The stone hits you.
You take 1 damage, and have 29/30 hp.
The spell is quite dangerous to cast (14% risk of failure)!
Continue anyway?
Okay, then.
Aim: a kobold, wielding a +3 whip and quivering stones (chance to affect: 57%)
The kobold looks drowsy...
Health restored: 30 You now have 5/7 mp.
The helpless kobold fails to defend itself.
You impale the kobold!!
You kill the kobold!
s - 80 stones (gained 4)
Things that are here:
a +3 whip; a kobold corpse You now have 117 gold pieces (gained 19).
You open the door.
An adder, a goblin and a centaur come into view.
The goblin shouts!
The centaur shouts!
You hear a shout!
The centaur wields a +0 shortbow.
The centaur shoots an arrow.
The arrow hits you.
An orc comes into view. It is wielding a +0 whip.
An orc comes into view. It is wielding a +0 club.
You take 3 damage, and have 27/30 hp.
MP restored: 7
There are monsters nearby!
Okay, then.
The centaur shoots an arrow.
The arrow hits you.
You take 3 damage, and have 25/30 hp.
The goblin hits you with a +0 dagger.
You take 2 damage, and have 24/30 hp.
You hit the goblin.
You kill the goblin!
The centaur shoots an arrow.
The arrow barely misses you.
Aim: a centaur, wielding a +0 shortbow and quivering arrows (chance to affect: 39%)
The centaur resists with some effort.
You now have 5/7 mp.
The spell is quite dangerous to cast (14% risk of failure)!
Continue anyway?
Okay, then.
The spell is quite dangerous to cast (14% risk of failure)!
Continue anyway?
Your hands begin to glow red.
The centaur unwields a +0 shortbow.
The centaur hits you.
The centaur kicks you but does no damage.
The centaur hits you.
The centaur kicks you but does no damage.
You take 9 damage, and have 15/30 hp.
MASSIVE DAMAGE!!
You now have 2/7 mp.
You barely miss the centaur. You kick the centaur, but do no damage.
The centaur hits you.
The centaur kicks you but does no damage.
You take 1 damage, and have 14/30 hp.
The adder hisses angrily.
You hit the centaur but do no damage.
The centaur appears confused.
You barely miss the orc.
The centaur hits the adder.
The centaur misses the adder.
The orc hits you with a +0 whip.
* * * LOW HITPOINT WARNING * * *
You take 5 damage, and have 9/30 hp.
You hit the orc. You kick the orc.
The centaur hits the orc!
The orc is killed!
Your Short Blades skill increases to level 3!
Unknown command.
You hit the adder. You kick the adder. The adder closely misses you.
You hit the adder but do no damage. The adder barely misses you.
The centaur hits the adder.
The centaur closely misses the adder.
The adder bites you.
* * * LOW HITPOINT WARNING * * *
You take 2 damage, and have 7/30 hp.
Unknown command.
You closely miss the adder. You kick the adder. The adder closely misses you.
The centaur hits the adder.
The adder is killed!
The centaur barely misses you.
The centaur kicks you but does no damage.
Items here: )) †††.
Unknown command.
You hit the centaur. You kick the centaur, but do no damage.
The centaur hits you but does no damage.
The centaur barely misses you.
You hit the centaur but do no damage.
The centaur looks very confused.
You hit the centaur but do no damage.
The centaur chortles and stares into space.
You hit the centaur. You hit the centaur.
The centaur gestures wildly.
The centaur hits you.
* * * LOW HITPOINT WARNING * * *
The centaur kicks you.
* * * LOW HITPOINT WARNING * * *
You take 2 damage, and have 5/30 hp.
Unknown command.
You barely miss the centaur.
The centaur seems less confused.
The centaur hits you.
* * * LOW HITPOINT WARNING * * *
The centaur kicks you.
* * * LOW HITPOINT WARNING * * *
The centaur hits you.
You die... #co

##.....#..#....≈≈≈≈≈ #.o
+.##.##..#.##...... #.S
#...........#.≈.### #.g
###...#####..#.#.≈.... .####..
####.....##.....#...≈.#._
....##S##.....####..###.....≈.#..
###........#....##.## #####.≈.###
.........######....### #.≈....
#.......## ##@c...# ###.≈≈≈≈≈
#...##### #)###.# ##........
#.....##########.###.###....#####
#####............#........### ###
##.....#.....>###..#.....## #..
#.................###..### #.#
...............##.###...#######.#
.).............##.....#.........#
...............######........^...


You could see a centaur.

Vanquished Creatures
  Ijyb (D:3)
  3 adders
  3 worms (D:3)
  A dart slug (D:1)
  2 orcs (D:3)
  7 ball pythons
  9 bats
  6 endoplasms
  3 giant cockroaches (D:1)
  6 goblins
  3 hobgoblins
  5 quokkas
  2 frilled lizards
  7 kobolds
  2 rats
60 creatures vanquished.

Notes
Turn   | Place    | Note
-------+----------+-------------------------------------------
     0 | D:1      | Saint the Demonspawn Enchanter began the quest for the Orb.
     0 | D:1      | Reached XP level 1. HP: 13/13 MP: 3/3
    22 | D:1      | Reached skill level 1 in Short Blades
   266 | D:1      | Found a faded altar of an unknown god.
   302 | D:1      | HP: 3/13 [endoplasm (2)]
   651 | D:1      | Gained mutation: You have large cloven feet. [demonic
                  | ancestry]
   651 | D:1      | Reached XP level 2. HP: 19/19 MP: 5/5
   654 | D:1      | Learned a level 2 spell: Ensorcelled Hibernation
  1980 | D:2      | Reached skill level 2 in Short Blades
  1980 | D:2      | Reached XP level 3. HP: 24/24 MP: 3/6
  2055 | D:2      | Learned a level 3 spell: Confusing Touch
  3335 | D:3      | Found a radiant altar of Vehumet.
  3340 | D:3      | Reached skill level 4 in Hexes
  3511 | D:3      | Noticed Ijyb
  3646 | D:3      | Killed Ijyb
  3647 | D:3      | Gained mutation: You may rarely emit foul miasma when
                  | damaged in melee. [demonic ancestry]
  3647 | D:3      | Reached XP level 4. HP: 8/30 MP: 2/7
  4259 | D:3      | Noticed a centaur
  4280 | D:3      | Reached skill level 3 in Short Blades
  4281 | D:3      | HP: 7/30 [adder (3)]
  4289 | D:3      | HP: 6/30 [centaur (1)]
  4290 | D:3      | HP: 2/30 [centaur (3)]
  4290 | D:3      | Slain by a centaur

Illustrated notes

Levels and vault maps discovered:
D:1:      heliophobic_arrival_battle_scene, layout_basic,
          ebering_ecumenical_altar_sacrificial
D:2:      layout_loops_ring, minmay_misc_feat_room, dk_noncrumbling_4,
          st_stairs_11, chequers_serial_rivers_small_a
D:3:      layout_rooms, mainiacjoe_overflow_brackets, kennysheep_cross_room,
          corexii_leaking_fountain, minmay_divided_ellipse, uniq_ijyb

Skill      XL: |  1  2  3  4 |
---------------+-------------+-----
Short Blades   | 1 2 3 |  3.0
Hexes          | 4 |  4.4
Dodging        | |  1.7
Stealth        | |  2.6
Spellcasting   | |  2.0

Action                   |  1- 3 |  4- 6 || total
-------------------------+-------+-------++-------
Melee: Dagger            |   131 |    33 ||   164
       Kick              |    13 |     6 ||    19
 Cast: Ensorcelled Hiber |    31 |     7 ||    38
       Confusing Touch   |       |     2 ||     2
  Use: Scroll            |     2 |       ||     2
       Potion            |     1 |       ||     1
 Stab: Sleeping          |    30 |     5 ||    35
       Invisible         |     1 |       ||     1
       Confused          |       |     1 ||     1
Armor: Robe              |    30 |       ||    30
       Leather armour    |       |     7 ||     7
Dodge: Dodged            |    88 |    14 ||   102

Table legend: (Time is in decaauts)
 A = Elapsed time spent in this place.
 B = Non-inter-level travel time spent in this place.
 C = Inter-level travel time spent in this place.
 D = Time resting spent in this place.
 E = Time spent auto-exploring this place.
 F = Levels seen in this place.
 G = Mean time per level.
                   A        B        C        D        E       F      G
               +--------+--------+--------+--------+--------+-----+--------+
         Total |   4276 |   4231 |     45 |    101 |   3536 |   3 | 1425.3 |
       Dungeon |   4276 |   4231 |     45 |    101 |   3536 |   3 | 1425.3 |
               +--------+--------+--------+--------+--------+-----+--------+

Top non-repeatable levels by time:
     D:1: 1967 daAuts
     D:2: 1462 daAuts
     D:3: 846 daAuts

Table legend:
 A = Kills in this place as a percentage of kills in entire the game.
 B = Kills by you in this place as a percentage of kills by you in the entire game.
 C = Kills by friends in this place as a percentage of kills by friends in the entire game.
 D = Other kills in this place as a percentage of other kills in the entire game.
 E = Experience gained in this place as a percentage of experience gained in the entire game.
 F = Experience gained in this place divided by the number of levels of this place that you have seen.
                   A       B       C       D       E      F
               +-------+-------+-------+-------+-------+----------------------
         Total | 100.0 | 100.0 |   N/A | 100.0 | 100.0 |  58.0
       Dungeon | 100.0 | 100.0 |   N/A | 100.0 | 100.0 |  58.0
               +-------+-------+-------+-------+-------+----------------------
